 Dungeon Crawl Stone Soup version 0.21-a0-509-gecc5317 (webtiles) character file.

503 dvd the Cudgeler (level 6, -1/61 HPs)
             Began as a Troll Berserker on Nov 30, 2017.
             Was a Priest of Trog.
             Killed from afar by an orc wizard (7 damage)
             ... with a puff of frost
             ... on level 4 of the Dungeon.
             The game lasted 00:07:30 (3071 turns).

dvd the Cudgeler (Troll Berserker)                  Turns: 3071, Time: 00:07:31

Health: -1/61      AC:  5    Str: 26    XL:     6   Next: 96%
Magic:  5/5        EV: 11    Int:  3    God:    Trog [***...]
Gold:   140        SH:  0    Dex: 11    Spells: 5/5 levels left

rFire    . . .     SeeInvis .   a - +0 morningstar
rCold    . . .     Gourm    +   (no shield)
rNeg     . . .     Faith    .   o - +0 animal skin
rPois    .         Spirit   .   (helmet restricted)
rElec    .         Reflect  .   l - scarf {cloud immunity}
rCorr    .         Harm     .   (gloves unavailable)
MR       .....                  (boots unavailable)
Stlth    +.........             (no amulet)
HPRegen  0.60/turn              (no ring)
MPRegen  0.09/turn              (no ring)

@: berserk cooldown, slowed, very slow
A: large, unfitting armour, claws 3, fast metabolism 3, gourmand, regeneration
1, shaggy fur 1, tough skin 2
a: Berserk, Trog's Hand, Burn Spellbooks, Renounce Religion


You were on level 4 of the Dungeon.
You worshipped Trog.
Trog was most pleased with you.
You were very full.

You visited 1 branch of the dungeon, and saw 4 of its levels.

You collected 140 gold pieces.

Inventory:

Hand Weapons
 a - a +0 morningstar (weapon)
 b - a +0 hand axe
 v - a +0 broad axe
 w - a +0 flail
 y - a +0 mace
 z - a +0 giant spiked club
Missiles
 g - 2 large rocks (quivered)
 u - 112 stones
 x - 3 poisoned tomahawks
Armour
 l - a scarf of cloud immunity (worn)
 o - a +0 animal skin (worn)
Scrolls
 d - 5 scrolls of remove curse
 f - 4 scrolls of identify
 k - a scroll of blinking {unknown}
 p - a scroll of enchant armour {unknown}
 q - 2 scrolls of amnesia
 t - 3 scrolls of teleportation {unknown}
Potions
 e - 2 potions of flight {unknown}
 h - 3 potions of lignification {unknown}
 i - 2 potions of heal wounds
 m - 3 potions of haste {unknown}
 n - 2 potions of curing {unknown}
 s - a potion of agility {unknown}
Comestibles
 c - 6 bread rations
 j - 2 meat rations
 r - 3 royal jellies


   Skills:
 + Level 3.6 Fighting
 + Level 1.8(3.2) Axes
 + Level 4.6(4.9) Maces & Flails
 + Level 1.3 Throwing
 + Level 3.8 Dodging
 + Level 0.3 Stealth


You had 5 spell levels left.
You didn't know any spells.

Dungeon Overview and Level Annotations

Branches:
Dungeon (4/15)
 Temple: D:4-7

Altars:

Shops:
D:4 *

Annotations:
D:4 Blork the orc


Innate Abilities, Weirdness & Mutations

You are too large for most types of armour.
You have claws for hands.
Your metabolism is lightning-fast.
You like to eat raw meat.
Your natural rate of healing is unusually fast.
You are covered in fur. (AC +1)
You have very tough skin. (AC +2)


Message History

The puff of flame hits you!
* * * LOW HITPOINT WARNING * * *
You see here a jackal corpse.
As you read the scroll labeled ILYMAN NOKUDI, it crumbles to dust.
It is a scroll of amnesia.
You feel forgetful for a moment. Blork the orc hits you with a trident.
* * * LOW HITPOINT WARNING * * *
The orc wizard hits you but does no damage.
Blork the orc casts a spell at you. The magic dart hits you!
* * * LOW HITPOINT WARNING * * *
The orc wizard completely misses you.
The orc wizard gestures at you while chanting.
The puff of frost hits you!
Blork the orc screams, "I'll break your legs!"
Blork the orc closely misses you.
Blork the orc hits you but does no damage.
The orc wizard gestures at you while chanting.
The puff of frost hits you!
You die...

# #.# ##. # #.# ... # #[#
(. # #.#.. ####### ##.#.
....... ... ###### #h# # #
###################o#.#....
................@.oo.o..#
#.###################...)..
#.# ##..## #(# .# #.# # #.#
#.# ..# ###


You could see Blork the orc, 2 orc wizards and an orc.

Vanquished Creatures
  3 ogres (D:4)
  2 orc priests (D:3)
  An orc wizard (D:3)
  A worker ant (D:4)
  A worker ant zombie (D:3)
  2 adders
  An adder skeleton (D:3)
  3 worms
  3 dart slugs
  2 leopard geckos
  13 orcs (D:3)
  5 bats
  2 giant cockroaches
  14 hobgoblins
  7 jackals
  10 kobolds
  A quokka (D:4)
  A ball python (D:3)
  3 frilled lizards
  14 goblins
  A rat (D:1)
90 creatures vanquished.

Notes
Turn   | Place    | Note
-------+----------+-------------------------------------------
     0 | D:1      | dvd the Troll Berserker began the quest for the Orb.
     0 | D:1      | Reached XP level 1. HP: 22/22 MP: 0/0
   176 | D:1      | Reached XP level 2. HP: 28/29 MP: 1/1
   235 | D:1      | Reached skill level 3 in Maces & Flails
   589 | D:1      | Reached XP level 3. HP: 36/36 MP: 2/2
  1385 | D:2      | Reached ** piety under Trog
  1796 | D:3      | Reached XP level 4. HP: 37/45 MP: 3/3
  2029 | D:3      | Reached XP level 5. HP: 53/53 MP: 4/4
  2186 | D:3      | Reached skill level 4 in Maces & Flails
  2266 | D:3      | Reached *** piety under Trog
  2787 | D:4      | Found Mackenn's General Store.
  2808 | D:4      | Noticed an ogre
  2819 | D:4      | Killed an ogre
  2819 | D:4      | Reached skill level 1 in Axes
  2819 | D:4      | Reached XP level 6. HP: 34/61 MP: 5/5
  3045 | D:4      | Reached skill level 1 in Throwing
  3050 | D:4      | Noticed Blork the orc
  3071 | D:4      | Killed from afar by an orc wizard

Vault maps used:
D:1:      lightli_arrival_lavapool
D:3:      corexii_shack_village, minmay_misc_feat_tiny
D:4:      grunt_temple_overflow_bloody_war, temple_statues, serial_shops,
          nicolae_shop_stone, uniq_blork_the_orc, uniq_robin

Skill      XL: |  1  2  3  4  5  6 |
---------------+-------------------+-----
Maces & Flails | 3 4 |  4.6
Fighting       | 3 |  3.6
Dodging        | 3 |  3.8
Axes           | 1 |  1.8
Throwing       | 1 |  1.3
Stealth        | |  0.3

Action                   |  1- 3 |  4- 6 || total
-------------------------+-------+-------++-------
Melee: Mace              |   129 |    86 ||   215
       Broad axe         |       |    35 ||    35
       Morningstar       |       |    28 ||    28
Throw: Large rock        |     3 |    18 ||    21
Invok: Berserk           |       |     4 ||     4
  Use: Scroll            |     5 |     1 ||     6
 Stab: Distracted        |     1 |       ||     1
       Sleeping          |     1 |       ||     1
  Eat: Chunk             |    22 |    14 ||    36
Armor: Animal skin       |    68 |    64 ||   132
Dodge: Dodged            |    69 |   121 ||   190

Table legend:
 A = Spawn XP
 B = Non-spawn XP
 C = Spawn XP percentage of total XP
 D = Spawn monster count
 E = Non-spawn monster count
 F = Spawn count percentage of total count
 G = Total turns spent on level
                    A         B        C        D         E        F      G
               +---------+---------+-------+---------+---------+-------+---------
         Total |       0 |     719 |   0.0 |       0 |      90 |   0.0 |  3071
               +---------+---------+-------+---------+---------+-------+---------
           D:1 |       0 |      44 |   0.0 |       0 |      23 |   0.0 |  1121
           D:2 |       0 |      45 |   0.0 |       0 |      14 |   0.0 |   620
           D:3 |       0 |     237 |   0.0 |       0 |      44 |   0.0 |  1042
           D:4 |       0 |     393 |   0.0 |       0 |       9 |   0.0 |   288
               +---------+---------+-------+---------+---------+-------+---------
